 Dungeon Crawl Stone Soup version 0.27.1-4-g1640c2035a (webtiles) character file.

Game seed: 10277228420144673449

23216 Cykl0x the Covert (level 13, -6/76 HPs)
             Began as a Gargoyle Fighter on Nov 2, 2021.
             Was an Elder of the Shining One.
             Mangled by a phantasmal warrior (17 damage)
             ... led by a death knight
             ... on level 11 of the Dungeon.
             The game lasted 00:25:11 (15723 turns).

Cykl0x the Covert (Gargoyle Fighter)               Turns: 15723, Time: 00:25:11

Health: -6/76      AC: 22    Str: 24    XL:     13   Next: 5%
Magic:  7/19       EV: 10    Int: 10    God:    the Shining One [****..]
Gold:   1717       SH: 22    Dex: 15    Spells: 12/12 levels left

rFire    + + .     SeeInvis .   h - +4 scimitar (freeze)
rCold    + + .     Faith    .   c - +1 kite shield
rNeg     + + +     Spirit   .   u - +2 chain mail {Will+}
rPois    ∞         Reflect  .   (helmet restricted)
rElec    +         Harm     .   D - scarf {rC+ rF+}
rCorr    .         Rampage  .   (no gloves)
Will     .....                  (no boots)
Stlth    +.........             (no amulet)
HPRegen  0.22/turn              i - ring of protection from cold
MPRegen  0.16/turn              s - +6 ring of dexterity

@: divinely shielded, weak-willed, glowing
A: sickness immunity, AC +9, negative energy resistance 1, electricity
resistance, torment resistance 1, petrification resistance, horns 1, fire
resistance 1, wild magic 1
a: Renounce Religion, Divine Shield, Cleansing Flame


You were on level 11 of the Dungeon.
You worshipped the Shining One.
The Shining One was greatly pleased with you.
You visited 2 branches of the dungeon, and saw 14 of its levels.

You collected 1717 gold pieces.

Inventory:

Hand Weapons
 h - a +4 scimitar of freezing (weapon)
Missiles
 f - 335 stones
 k - 5 curare-tipped darts
 l - 89 poisoned darts (quivered)
 B - 4 boomerangs
 I - 2 javelins
Armour
 c - a +1 kite shield (worn)
 n - a +0 chain mail
 u - a +2 chain mail of willpower (worn)
 D - a scarf of resistance (worn)
Jewellery
 i - a ring of protection from cold (left hand)
 m - an amulet of guardian spirit
 s - a +6 ring of dexterity (right hand)
 A - a +6 ring of dexterity
 C - a +6 ring of dexterity
 E - a ring of see invisible
 G - a ring of magical power
Wands
 a - a wand of polymorph (12)
 d - a wand of paralysis (9)
 p - a wand of digging (9)
 r - a wand of flame (12)
Scrolls
 b - a scroll of fear
 g - 9 scrolls of identify
 j - 2 scrolls of immolation
 y - 6 scrolls of teleportation
 z - 5 scrolls of amnesia
 F - a scroll of brand weapon
Potions
 e - 4 potions of mutation
 o - 2 potions of brilliance
 q - 4 potions of berserk rage
 t - 3 potions of ambrosia
 v - 3 potions of flight
 x - 2 potions of curing
 H - 2 potions of haste


   Skills:
 + Level 7.3 Fighting
 + Level 9.6 Long Blades
 + Level 4.1 Throwing
 * Level 8.5 Armour
 * Level 6.1 Dodging
 * Level 10.3 Stealth
 + Level 9.1 Shields
 * Level 8.8 Invocations


You had 12 spell levels left.
You didn't know any spells.
Your spell library contained the following spells:

 Spells                   Type           Power      Damage    Failure   Level
 Corona                   Hex            0%         N/A       99%         1
 Foxfire                  Conj/Fire      0%         2x1d4     99%         1
 Freeze                   Ice            0%         1d3       99%         1
 Corpse Rot               Necr/Air       N/A        N/A       100%        2
 Ensorcelled Hibernation  Hex/Ice        0%         N/A       100%        2
 Conjure Flame            Conj/Fire      0%         6-21      100%        3
 Frozen Ramparts          Ice            0%         1d2       100%        3
 Inner Flame              Hex/Fire       0%         N/A       100%        3
 Summon Guardian Golem    Hex/Summ       0%         N/A       100%        3
 Tukima's Dance           Hex            0%         N/A       100%        3
 Dispel Undead            Necr           0%         3d6       100%        4
 Hailstorm                Conj/Ice       0%         3d3       100%        4
 Olgreb's Toxic Radiance  Pois           0%         N/A       100%        4
 Fireball                 Conj/Fire      0%         3d3       100%        5
 Iskenderun's Battlesphe  Conj           0%         2d6       100%        5
 Conjure Ball Lightning   Conj/Air       0%         3x3d6     100%        6
 Death Channel            Necr           0%         N/A       100%        6
 Orb of Destruction       Conj           0%         N/A       100%        7
 Ozocubu's Refrigeration  Ice            0%         4d5       100%        7
 Spellforged Servitor     Conj/Summ      0%         N/A       100%        7
 Ignition                 Fire           0%         3d3       100%        8


Dungeon Overview and Level Annotations

Branches:
Dungeon (13/15)            Temple (1/1) D:4            Lair (0/6) D:9
    Orc (0/2) D:12
 Vaults: D:13-14

Altars:
Ashenzari
Cheibriados
Elyvilon
Fedhas
Hepliaklqana
Kikubaaqudgha
Makhleb
Nemelex Xobeh
Okawaru
Qazlal
Ru
Sif Muna
Trog
Uskayaw
Vehumet
Wu Jian
Xom
Yredelemnul
Zin
The Shining One

Shops:
D:9 ?

Annotations:
D:7 2 transporters, makewrite's ghost, novice MiBe


Innate Abilities, Weirdness & Mutations

You are immune to sickness and miasma.
Your stone body is resilient. (AC +9)
You are immune to poison.
You resist negative energy. (rN+)
You are resistant to electric shocks. (rElec)
You are resistant to unholy torment.
You are immune to petrification.
You have a pair of small horns on your head.
Your flesh is heat resistant. (rF+)
Your spells are a little harder to cast, but a little more powerful.


Message History

The phantasmal warrior hits you!
* * * LOW HITPOINT WARNING * * *
Your willpower is stripped away!
Unknown command.
Blink to where?
Press: ? - help, Dir - move target
As you read the scroll of blinking, it crumbles to dust.
The phantasmal warrior blinks!
There is an escape hatch in the ceiling here.
You block the phantasmal warrior's attack.
A mysterious force pulls you upwards. The hatch slams shut behind you.
You hit the phantasmal warrior but do no damage.
You headbutt the phantasmal warrior, but do no damage.
The phantasmal warrior is heavily damaged.
You block the phantasmal warrior's attack.
You barely miss the phantasmal warrior. You headbutt the phantasmal warrior.
The phantasmal warrior is heavily damaged.
The phantasmal warrior hits you.
* * * LOW HITPOINT WARNING * * *
You barely miss the phantasmal warrior.
The phantasmal warrior is heavily damaged.
The phantasmal warrior hits you!
* * * LOW HITPOINT WARNING * * *
You slash the phantasmal warrior! You freeze the phantasmal warrior.
The phantasmal warrior is severely damaged.
You block the phantasmal warrior's attack.
You hit the phantasmal warrior. You freeze the phantasmal warrior.
You headbutt the phantasmal warrior, but do no damage.
The phantasmal warrior is severely damaged.
The phantasmal warrior hits you.
* * * LOW HITPOINT WARNING * * *
You feel better.
The phantasmal warrior hits you but does no damage.
Your divine shield is renewed.
You block the phantasmal warrior's attack.
You hit the phantasmal warrior.
You headbutt the phantasmal warrior, but do no damage.
The phantasmal warrior is severely damaged.
The phantasmal warrior hits you!
You die...

....#.#......######.....# #...#
....###.................# #...#
........................# #....
.......................)#####....
#+#'###..........................
......#..........................
......#######...######...........
............#####.^..#...........
...............W@....######......
..........................#......
..........................#......
#.....................###########
+.............###.....#...##.....
#.............#.#.....#...#......
#......######.#.#.....#.......<..
#......#....###.####..#....⌠.....
..######...........#..#..........


You could see a phantasmal warrior.

Vanquished Creatures
  A boulder beetle (D:12)
  The ghost of RawMediocrity the Ducker, a journeyman DgCj (D:10)
  The ghost of larifari the Covert, a journeyman OpEE of Gozag (D:10)
  4 two-headed ogres
  A death knight (D:11)
  The ghost of MacCMillion the Geomancer, a journeyman GrEE of Vehumet (D:10)
  The ghost of execc the Basher, a novice OpAr of Gozag (D:10)
  The ghost of FDRCH the Destroyer, a journeyman DECj of Vehumet (D:10)
  A phantasmal warrior (D:11)
  Pikel (D:7)
  A deep elf pyromancer (D:12)
  An orc knight (D:10)
  2 manticores
  2 gargoyles (D:12)
  A freezing wraith (D:12)
  A hornet (D:9)
  3 trolls
  Prince Ribbit (D:6)
  3 slime creatures (D:12)
  2 meliai zombies (D:10)
  2 shadows
  A vampire (D:11)
  A wyvern (D:9)
  22 yaks
  A wraith (D:12)
  A steam dragon (D:6)
  15 vampire mosquitoes
  A warg (D:10)
  A water moccasin (D:9)
  4 orc warriors
  2 ice beasts
  A necrophage (D:8)
  12 centaurs
  3 ogres
  A phantom (D:7)
  2 bullfrogs (D:8)
  3 kobold brigands
  A gnoll sergeant (D:12)
  2 scorpions
  A water moccasin zombie (D:4)
  13 killer bees
  5 wights (D:7)
  A howler monkey (D:3)
  A hound (D:5)
  5 centaur zombies
  A bullfrog zombie (D:5)
  A jelly (D:7)
  6 orc priests
  Crazy Yiuf (D:2)
  A bullfrog skeleton (D:4)
  3 centaur skeletons
  5 iguanas
  12 orc wizards
  2 killer bee zombies (D:6)
  2 hound skeletons (D:4)
  6 gnolls
  6 adders
  A shadow imp (D:6)
  5 white imps
  2 ufetubi
  An adder zombie (D:4)
  5 dart slugs
  29 orcs
  11 endoplasms
  5 giant cockroaches
  2 goblins
  4 hobgoblins
  2 jackals (D:1)
  26 kobolds
  7 quokkas
  6 ball pythons
  7 bats
  A frilled lizard (D:1)
  9 rats
  A spectral goblin (D:1)
302 creatures vanquished.

Notes
Turn   | Place    | Note
-------+----------+-------------------------------------------
     0 | D:1      | Cykl0x the Gargoyle Fighter began the quest for the Orb.
     0 | D:1      | Reached XP level 1. HP: 14/14 MP: 1/1
   220 | D:1      | Reached XP level 2. HP: 19/19 MP: 2/2
   355 | D:1      | Found a faded altar of an unknown god.
   408 | D:1      | Reached skill level 1 in Stealth
   429 | D:1      | Reached XP level 3. HP: 23/23 MP: 3/3
  1181 | D:1      | You fall into a shaft and drop 1 floor!
  1189 | D:2      | Reached skill level 1 in Throwing
  1639 | D:2      | Found a runed translucent door.
  1640 | D:2      | Noticed Crazy Yiuf
  1978 | D:2      | Reached XP level 4. HP: 28/28 MP: 4/4
  2463 | D:2      | Killed Crazy Yiuf
  2464 | D:2      | Reached skill level 1 in Dodging
  2573 | D:3      | Reached skill level 2 in Stealth
  2573 | D:3      | Reached XP level 5. HP: 23/32 MP: 5/5
  3393 | D:4      | Found a staircase to the Ecumenical Temple.
  3410 | Temple   | Entered the Ecumenical Temple
  3519 | Temple   | Became a worshipper of the Shining One
  3728 | D:4      | Found a sacrificial altar of Ru.
  3944 | D:4      | Found an iron altar of Okawaru.
  3995 | D:4      | Reached skill level 1 in Invocations
  3995 | D:4      | Reached XP level 6. HP: 28/38 MP: 5/7
  4125 | D:4      | Found a basalt altar of Yredelemnul.
  4517 | D:4      | Found a bloodstained altar of Trog.
  4884 | D:5      | Entered Level 5 of the Dungeon
  4990 | D:5      | Noticed an orc warrior
  5009 | D:5      | Killed an orc warrior
  5010 | D:5      | Reached skill level 3 in Stealth
  5010 | D:5      | Reached XP level 7. HP: 22/42 MP: 8/8
  5202 | D:5      | Found a hide-covered altar of Uskayaw.
  5287 | D:5      | Reached * piety under the Shining One
  5768 | D:5      | Found an ornate altar of the Wu Jian Council.
  6160 | D:5      | Found a sparkling altar of Nemelex Xobeh.
  6254 | D:6      | Reached XP level 8. HP: 21/48 MP: 10/10
  6452 | D:6      | Reached skill level 4 in Stealth
  6925 | D:6      | Reached ** piety under the Shining One
  7177 | D:6      | Noticed Prince Ribbit
  7202 | D:6      | Killed Prince Ribbit
  7203 | D:6      | Reached skill level 5 in Stealth
  7351 | D:6      | Found an ancient bone altar of Kikubaaqudgha.
  7590 | D:7      | Found a transporter.
  7590 | D:7      | Noticed makewrite's ghost (novice MiBe)
  7596 | D:7      | Found a transporter.
  7770 | D:7      | Reached skill level 5 in Shields
  7770 | D:7      | Reached XP level 9. HP: 35/52 MP: 11/11
  7773 | D:7      | Reached skill level 5 in Long Blades
  8154 | D:7      | Reached skill level 5 in Armour
  8487 | D:7      | Noticed Pikel
  8518 | D:7      | Killed Pikel
  8519 | D:7      | Reached skill level 5 in Fighting
  8578 | D:7      | Found a broken altar of Ashenzari.
  8892 | D:8      | Identified the +1 leather armour of Disguise {rElec rPois
                  | rF- Dex-5}
  8989 | D:8      | Reached skill level 6 in Stealth
  8999 | D:8      | Reached skill level 5 in Invocations
  9002 | D:8      | Reached *** piety under the Shining One
  9175 | D:8      | Found a hazy altar of Hepliaklqana.
  9176 | D:8      | Found a shimmering altar of Xom.
  9176 | D:8      | Noticed a two-headed ogre
  9177 | D:8      | Noticed a spectral ugly thing
  9275 | D:8      | Found a burning altar of Makhleb.
  9367 | D:8      | Reached XP level 10. HP: 31/59 MP: 13/13
 10112 | D:9      | Reached skill level 7 in Stealth
 10228 | D:9      | Identified a scroll of acquirement
 10346 | D:9      | Acquired 913 gold pieces
 10452 | D:9      | Found Wottyime's Magic Scroll Shop.
 10607 | D:9      | Noticed a two-headed ogre
 10615 | D:9      | Killed a two-headed ogre
 10846 | D:9      | Found a staircase to the Lair.
 10921 | D:9      | Reached XP level 11. HP: 63/64 MP: 15/15
 10938 | D:9      | Reached skill level 8 in Stealth
 11238 | D:10     | Entered Level 10 of the Dungeon
 11238 | D:10     | Noticed Sonja
 11891 | D:10     | Noticed Sonja
 11891 | D:10     | Sonja changed into Sonja the centaur
 11896 | D:10     | Killed Sonja the centaur
 11993 | D:10     | Noticed a two-headed ogre
 12001 | D:10     | Killed a two-headed ogre
 12083 | D:10     | Reached **** piety under the Shining One
 12456 | D:10     | Found a stormy altar of Qazlal.
 12506 | D:10     | Reached skill level 5 in Dodging
 12514 | D:10     | Gained mutation: You have a pair of small horns on your
                  | head. [potion of mutation]
 12514 | D:10     | Gained mutation: Your flesh is heat resistant. (rF+)
                  | [potion of mutation]
 12514 | D:10     | Gained mutation: Your spells are a little harder to cast,
                  | but a little more powerful. [potion of mutation]
 12559 | D:10     | Noticed an orc knight
 12569 | D:10     | Killed an orc knight
 12650 | D:10     | Found a runed translucent gate.
 12650 | D:10     | Found a runed translucent gate.
 12652 | D:10     | Found a runed translucent gate.
 12653 | D:10     | Noticed RawMediocrity's ghost (journeyman DgCj)
 12653 | D:10     | Noticed execc's ghost (novice OpAr)
 12653 | D:10     | Noticed MacCMillion's ghost (journeyman GrEE)
 12653 | D:10     | Noticed FDRCH's ghost (journeyman DECj)
 12653 | D:10     | Noticed larifari's ghost (journeyman OpEE)
 12885 | D:10     | Killed MacCMillion's ghost
 12893 | D:10     | Killed RawMediocrity's ghost
 12894 | D:10     | Reached skill level 9 in Stealth
 12898 | D:10     | Killed larifari's ghost
 12899 | D:10     | Reached XP level 12. HP: 71/71 MP: 17/17
 12907 | D:10     | Killed execc's ghost
 12914 | D:10     | Killed FDRCH's ghost
 13173 | D:11     | Noticed a two-headed ogre
 13182 | D:11     | Killed a two-headed ogre
 14061 | D:12     | Noticed a two-headed ogre
 14082 | D:12     | Killed a two-headed ogre
 14083 | D:12     | Noticed a boulder beetle
 14108 | D:12     | Killed a boulder beetle
 14114 | D:12     | Reached ***** piety under the Shining One
 14134 | D:12     | HP: 2/72 [gargoyle/stone arrow (24)]
 14147 | D:12     | Reached skill level 10 in Stealth
 14609 | D:12     | Noticed a death knight
 15305 | D:12     | Found a bloodstained altar of Trog.
 15373 | D:11     | Reached XP level 13. HP: 62/76 MP: 17/19
 15613 | D:12     | Found a staircase to the Orcish Mines.
 15720 | D:11     | HP: 3/76 [phantasmal warrior[a death knight] (2)]
 15723 | D:11     | Mangled by a phantasmal warrior

Illustrated notes

Levels and vault maps discovered:
D:1:      elethiomel_arrival_maze, layout_loops_ring,
          dreamdust_ecumenical_altar_drowned_temple, minmay_cupped
D:2:      layout_loops_corners, due_unseen_surprise, uniq_crazy_yiuf_cottage
D:3:      layout_rooms
D:4:      layout_layer_cave, general_overflow_altar,
          lemuel_zombie_altar_yredelemnul, okawaru_metal_pillars_3,
          nicolae_ru_great_annihilating_truth, minmay_misc_feat_roman
D:5:      layout_basic, nzn_wu_jian_contemplation, nemelex_spade_bored_becter,
          mainiacjoe_overflow_24_doors, chequers_serial_rivers_marsh
D:6:      layout_rooms, nicolae_kikubaaqudgha_miasma_corner, kennysheep_dice,
          uniq_prince_ribbit1
D:7:      layout_gridville, lemuel_tele_altar, gammafunk_ghost_mausoleum,
          uniq_pikel
D:8:      layout_loops_ring, regret_index_temple_of_mockery,
          lemuel_doored_altar, serial_glass, glass_columns_a, glass_columns_c,
          kennysheep_doodads, chequers_arboretum
D:9:      layout_roguey, lair_entry_dummy, serial_shops, shop,
          mrwooster_statue_mirror
D:10:     layout_loops_ring, nicolae_qazlal_general_emergency,
          gammafunk_ghost_cemetery, uniq_sonja
D:11:     layout_irregular_city, grunt_ministairs_10
D:12:     layout_rooms, orc_0_dummy, trog_antimagical
D:13:     layout_long_grid, skrybe_vaults_entry_preservation,
          kennysheep_generic_room_3, uniq_nessos
Temple:   nicolae_temple_figure_zero

Skill      XL: |  1  2  3  4  5  6  7  8  9 10 11 12 |
---------------+-------------------------------------+-----
Stealth        | 1 2 3 5 6 7 9 10 | 10.3
Long Blades    | 2 3 4 6 7 8 9 |  9.6
Throwing       | 1 2 3 4 |  4.1
Dodging        | 1 2 3 4 5 6 |  6.1
Shields        | 4 5 6 7 8 9 |  9.1
Invocations    | 1 2 3 5 6 7 8 |  8.8
Armour         | 4 5 7 8 |  8.5
Fighting       | 4 5 6 7 |  7.3

Action                   |  1- 3 |  4- 6 |  7- 9 | 10-12 | 13-15 || total
-------------------------+-------+-------+-------+-------+-------++-------
Melee: Long sword        |   121 |   147 |   222 |       |       ||   490
       Scimitar          |       |       |    79 |   461 |    16 ||   556
       Headbutt          |       |       |       |    47 |     6 ||    53
Throw: Stone             |    44 |    65 |    55 |     3 |       ||   167
       Dart              |       |     4 |     8 |    27 |     6 ||    45
       Javelin           |       |       |       |    30 |     1 ||    31
       Boomerang         |       |       |       |    13 |       ||    13
Invok: Divine Shield     |       |       |     1 |     7 |     3 ||    11
       Cleansing Flame   |       |       |       |     1 |     2 ||     3
Evoke: Wand              |       |     1 |       |     4 |       ||     5
  Use: Scroll            |     4 |     9 |     8 |     7 |     1 ||    29
       Potion            |       |     2 |     2 |     4 |     1 ||     9
Armor: Scale mail        |    79 |    78 |     1 |       |       ||   158
       Chain mail        |       |       |   201 |   237 |     3 ||   441
Dodge: Dodged            |    38 |    50 |    92 |   141 |     1 ||   322
Block: Kite shield       |    70 |    88 |   220 |   425 |    10 ||   813
       Rpst.: Long sword |    14 |    13 |    18 |       |       ||    45
       Scimitar          |       |       |     3 |    31 |       ||    34
